 Dungeon Crawl Stone Soup version 0.28-a0-1629-gf728b707aa (webtiles) character file.

Game seed: 1997509251667615039

530 oldriver the Stinger (level 7, -1/57 (61) HPs)
             Began as a Naga Venom Mage on Jan 24, 2022.
             Was a Priest of Lugonu.
             Slain by a necrophage (8 damage)
             ... on level 4 of the Dungeon.
             The game lasted 00:07:25 (6000 turns).

oldriver the Stinger (Naga Venom Mage)              Turns: 6000, Time: 00:07:26

HP:   -1/57 (61)    AC: -6    Str:  7 (10) XL:     7   Next: 24%
MP:   6/12          EV:  9    Int: 15 (17) God:    Lugonu [***...]
Gold: 143           SH:  0    Dex: 10 (12) Spells: 5/12 levels left

rFire   . . .      SeeInvis +   n - +2 long sword (holy)
rCold   . . .      Faith    .   (no shield)
rNeg    . . .      Spirit   .   a - +0 robe
rPois   +          Reflect  .   m - +0 helmet
rElec   .          Harm     .   b - +0 cloak
rCorr   .          Rampage  .   (no gloves)
Will    .....                   (no barding)
Stlth   +++.......              (no amulet)
HPRegen 0.19/turn               (no ring)
MPRegen 0.13/turn               (no ring)

@: corroded, drained, very slow
A: AC +2, large, see invisible, deformed body, poison resistance, slowness 2,
spit poison 1, naga tail 1
a: Spit Poison, Renounce Religion, Depart the Abyss, Bend Space, Banish


You were on level 4 of the Dungeon.
You worshipped Lugonu.
Lugonu was most pleased with you.
You visited 1 branch of the dungeon, and saw 5 of its levels.

You collected 143 gold pieces.

Inventory:

Hand Weapons
 n - a +2 long sword of holy wrath (weapon)
Armour
 a - a +0 robe (worn)
 b - a +0 cloak (worn)
 m - a +0 helmet (worn)
Magical Staves
 f - a staff of fire
Wands
 i - a wand of paralysis (6)
Scrolls
 c - a scroll of teleportation {unknown}
 e - 2 scrolls of identify {unknown}
 g - a scroll of holy word {unknown}
 h - a scroll of fear {unknown}
 k - a scroll of summoning {unknown}
 l - a scroll of magic mapping {unknown}
 o - 3 scrolls of vulnerability {unknown}
 p - a scroll of enchant weapon {unknown}
 q - a scroll of noise {unknown}
Potions
 d - a potion of attraction {unknown}


   Skills:
 + Level 2.8 Fighting
 - Level 1.5 Dodging
 + Level 5.6 Stealth
 + Level 3.4 Spellcasting
 - Level 2.0 Conjurations
 - Level 1.0 Transmutations
 + Level 1.5 Ice Magic
 - Level 2.0 Air Magic
 + Level 5.7 Poison Magic
 + Level 0.2 Invocations


You had 5 spell levels left.
You knew the following spells:

 Your Spells              Type           Power      Damage    Failure   Level
a - Sting                 Tmut/Pois      48%        1d5       4%          1
b - Poisonous Vapours     Pois/Air       28%        N/A       6%          2
c - Mephitic Cloud        Conj/Pois/Air  12%        N/A       16%         3
f - Freeze                Ice            28%        1d5       10%         1

Your spell library contained the following spells:

 Spells                   Type           Power      Damage    Failure   Level
 Corpse Rot               Necr/Air       10%        N/A       19%         2
 Olgreb's Toxic Radiance  Pois           19%        N/A       19%         4
 Frozen Ramparts          Ice            14%        1d3       30%         3
 Hailstorm                Conj/Ice       7%         3d4       67%         4


Dungeon Overview and Level Annotations

Branches:
Dungeon (5/15)
 Temple: D:4-7

Altars:
Lugonu

Shops:
D:2 :


Innate Abilities, Weirdness & Mutations

Your serpentine skin is tough. (AC +2)
You have supernaturally acute eyesight. (SInv)
Armour fits poorly on your strangely shaped body.
Your system is resistant to poisons. (rPois)
You cover ground very slowly.
You can spit poison.
You have a snake-like lower body.


Message History

The jelly looks even sicker.
The jelly is severely wounded.
The jelly hits you.
You are splashed with acid!
You are too injured to fight recklessly!
Casting: Sting (safe; 4% risk of failure)
Confirm with . or Enter, or press ? or * to list all spells.
Aiming: Sting (safe; 4% risk of failure)
Press: ? - help, Shift-Dir - straight line, f/p - jelly
Aim: a jelly (severely wounded, very poisoned, 100% to hit)
The sting hits the jelly.
The jelly partially resists.
The jelly is severely wounded.
The jelly hits you. The acid corrodes you!
You are splashed with acid!
* * * LOW HITPOINT WARNING * * *
Casting: Sting (safe; 4% risk of failure)
Confirm with . or Enter, or press ? or * to list all spells.
Aiming: Sting (safe; 4% risk of failure)
Press: ? - help, Shift-Dir - straight line, f/p - jelly
Aim: a jelly (almost dead, very poisoned, 100% to hit)
The sting hits the jelly.
The jelly looks even sicker.
The jelly is almost dead.
You kill the jelly!
Lugonu accepts your kill.
You barely miss the necrophage. The necrophage hits you.
* * * LOW HITPOINT WARNING * * *
You feel drained.
* * * LOW HITPOINT WARNING * * *
You hit the necrophage.
The necrophage convulses.
The necrophage is lightly damaged.
You have got your breath back.
The necrophage barely misses you. The necrophage hits you!
* * * LOW HITPOINT WARNING * * *
It was a potion of curing.
You feel better. The necrophage hits you!
* * * LOW HITPOINT WARNING * * *
You feel drained.
* * * LOW HITPOINT WARNING * * *
It was a potion of degeneration.
There was something very wrong with that liquid.
You feel weakened.
You feel dopey.
You feel clumsy. The necrophage hits you!
You die...

.#
#.###..#.#..............#
## #.#
#..#.########..####.# # #.#
#......##.......)##.# # #.#
#....#.##.##..##....# # #.#
##...#.##.##..##..##### #
#.####...#.##..#...#...#...
#>.......#.....##..#...#.##
###
#####...#########..#####'##
..# #.....@n...............
#.# #....#####.............
#.# ####..# #.#..####.....
#.## #..## #.#........)..
...# #...# #.............
...# #.#.######.####.....
...# #.#..#####.####.....
...# #...................
...# ##....####.######.#.


You could see a necrophage.

Vanquished Creatures
  A wyvern (D:5)
  An ogre (D:4)
  A scorpion (D:4)
  A hound (D:4)
  A jelly (D:4)
  An iguana (D:4)
  7 adders
  An ufetubus (D:4)
  A dart slug (D:4)
  3 orcs (D:3)
  5 bats
  11 endoplasms
  3 giant cockroaches
  8 goblins
  6 hobgoblins
  7 jackals
  9 kobolds
  5 quokkas
  4 ball pythons
  2 frilled lizards (D:1)
  6 rats
84 creatures vanquished.

Vanquished Creatures (others)
  18 fungi (D:4)
18 creatures vanquished.

Grand Total: 102 creatures vanquished

Notes
Turn   | Place    | Note
-------+----------+-------------------------------------------
     0 | D:1      | oldriver the Naga Venom Mage began the quest for the Orb.
     0 | D:1      | Reached XP level 1. HP: 15/15 MP: 3/3
   405 | D:1      | Reached XP level 2. HP: 18/24 MP: 1/5
   628 | D:1      | Found a faded altar of an unknown god.
   643 | D:1      | Prayed at the altar of an unknown god.
   643 | D:1      | Became a worshipper of Lugonu the Unformed
   643 | D:1      | Reached * piety under Lugonu
   643 | D:1      | Reached ** piety under Lugonu
   772 | D:1      | Reached skill level 1 in Fighting
  1005 | D:1      | Reached XP level 3. HP: 28/31 MP: 4/6
  1081 | D:1      | Learned a level 2 spell: Poisonous Vapours
  1085 | D:1      | Learned a level 3 spell: Mephitic Cloud
  1984 | D:2      | Reached XP level 4. HP: 38/38 MP: 4/7
  2567 | D:2      | Found Gaov's Book Emporium.
  2830 | D:3      | Reached skill level 1 in Air Magic
  3118 | D:3      | Reached skill level 1 in Conjurations
  3556 | D:3      | Reached XP level 5. HP: 40/45 MP: 2/8
  3916 | D:4      | Noticed an ogre
  4135 | D:4      | Reached *** piety under Lugonu
  4147 | D:4      | Noticed a necrophage
  4219 | D:4      | Reached skill level 5 in Poison Magic
  4323 | D:4      | Learned a level 1 spell: Freeze
  4586 | D:4      | Reached XP level 6. HP: 45/52 MP: 4/10
  4724 | D:5      | Entered Level 5 of the Dungeon
  4724 | D:5      | Noticed a wyvern
  4733 | D:5      | Killed a wyvern
  4734 | D:5      | Reached skill level 5 in Stealth
  4812 | D:5      | Noticed a water moccasin
  5073 | D:4      | Reached skill level 1 in Ice Magic
  5452 | D:4      | Reached XP level 7. HP: 29/61 MP: 1/12
  6000 | D:4      | Slain by a necrophage

Illustrated notes

Levels and vault maps discovered:
D:1:      wander_arrival_desolate, layout_rooms,
          hellmonk_ecumenical_altar_leap_of_faith
D:2:      layout_rooms, serial_shops, nicolae_diamond_shop
D:3:      minmay_diamond_boxcup, layout_rooms
D:4:      layout_basic, serial_aquarium, aquarium_bridge_square
          [aquarium_subvault_bridge, aquarium_subvault_bridge,
          aquarium_subvault_wall, aquarium_subvault_window],
          aquarium_bridge_island_small [aquarium_subvault_small_open,
          aquarium_subvault_bridge, aquarium_subvault_bridge,
          aquarium_subvault_bridge, aquarium_subvault_wall],
          aquarium_window_fake, aquarium_window_2, aquarium_window_corner,
          aquarium_view_2a, aquarium_balcony_5b
D:5:      layout_rooms, minmay_misc_feat_square, st_stairs_8

Skill      XL: |  1  2  3  4  5  6 |
---------------+-------------------+-----
Fighting       | 1 2 |  2.8
Stealth        | 4 5 |  5.6
Air Magic      | 1 2 |  2.0
Conjurations   | 1 2 |  2.0
Poison Magic   | 5 |  5.7
Spellcasting   | 3 |  3.4
Ice Magic      | 1 |  1.5
Dodging        | |  1.5
Transmutations | |  1.0
Invocations    | |  0.2

Action                   |  1- 3 |  4- 6 |  7- 9 || total
-------------------------+-------+-------+-------++-------
Melee: Unarmed           |     9 |       |       ||     9
       Punch             |     1 |       |       ||     1
       Short sword       |    15 |       |       ||    15
       Long sword        |       |     8 |     2 ||    10
 Cast: Sting             |    50 |    91 |    19 ||   160
       Poisonous Vapours |     6 |    25 |       ||    31
 Abil: Spit Poison       |     9 |     6 |     1 ||    16
  Use: Potion            |       |       |     2 ||     2
Armor: Robe              |    16 |    15 |     4 ||    35
Dodge: Dodged            |    37 |    43 |    11 ||    91

Table legend: (Time is in decaauts)
 A = Elapsed time spent in this place.
 B = Non-inter-level travel time spent in this place.
 C = Inter-level travel time spent in this place.
 D = Time resting spent in this place.
 E = Time spent auto-exploring this place.
 F = Levels seen in this place.
 G = Mean time per level.
                   A        B        C        D        E       F      G
               +--------+--------+--------+--------+--------+-----+--------+
         Total |   6943 |   6592 |    351 |   2457 |   3155 |   5 | 1388.6 |
       Dungeon |   6943 |   6592 |    351 |   2457 |   3155 |   5 | 1388.6 |
               +--------+--------+--------+--------+--------+-----+--------+

Top non-repeatable levels by time:
     D:4: 2391 daAuts
     D:2: 1681 daAuts
     D:1: 1440 daAuts
     D:3: 1339 daAuts
     D:5: 92 daAuts
